 Dungeon Crawl Stone Soup version 0.26-a0-665-gefeb406119 (console) character file.

Game seed: 7138004480752394141

135 om the Skirmisher (level 5, -2/33 HPs)
             Began as a Gargoyle Berserker on Oct 14, 2020.
             Was a Believer of Trog.
             Slain by an ufetubus (4 damage)
             ... summoned by Eustachio
             ... on level 4 of the Dungeon.
             The game lasted 00:03:06 (2855 turns).

om the Skirmisher (Gargoyle Berserker)              Turns: 2855, Time: 00:03:08

Health: -2/33      AC:  6    Str: 21    XL:     5   Next: 18%
Magic:  5/5        EV: 12    Int:  7    God:    Trog [**....]
Gold:   189        SH:  0    Dex: 10    Spells: 4/4 levels left

rFire    . . .     SeeInvis .   a - +0 mace
rCold    . . .     Faith    .   (no shield)
rNeg     + . .     Spirit   .   b - +0 animal skin
rPois    ∞         Reflect  .   (no helmet)
rElec    +         Harm     .   (no cloak)
rCorr    +         Rampage  .   (no gloves)
MR       .....                  (no boots)
Stlth    ..........             (no amulet)
HPRegen  0.11/turn              g - ring of attention (curse)
MPRegen  0.09/turn              t - ring of resist corrosion

@: berserk cooldown, slowed, very slow
A: negative energy resistance 1, electricity resistance, unbreathing,
petrification resistance, rot immunity, AC +4
a: Berserk, Trog's Hand, Renounce Religion


You were on level 4 of the Dungeon.
You worshipped Trog.
Trog was pleased with you.
You visited 1 branch of the dungeon, and saw 4 of its levels.

You collected 189 gold pieces.

Inventory:

Hand Weapons
 a - a +0 mace (weapon)
Armour
 b - a +0 animal skin (worn)
Jewellery
 g - a cursed ring of attention (left hand)
 t - a ring of resist corrosion (right hand)
Wands
 u - a wand of iceblast (10)
 v - a wand of polymorph (6)
Scrolls
 c - a scroll of enchant armour {unknown}
 f - 5 scrolls of teleportation
 h - 3 scrolls of amnesia {unknown}
 l - 2 scrolls of immolation {unknown}
 q - a scroll of enchant weapon {unknown}
 s - a scroll of fog {unknown}
Potions
 e - a potion of brilliance {unknown}
 j - a potion of degeneration {unknown}
 k - a potion of haste {unknown}
 m - 2 potions of flight
 n - a potion of berserk rage {unknown}
 o - 4 potions of heal wounds
 p - 2 potions of curing
 r - a potion of might {unknown}


   Skills:
 + Level 3.9 Fighting
 * Level 3.8 Maces & Flails
 * Level 3.5 Armour
 * Level 2.6 Dodging


You had 4 spell levels left.
You didn't know any spells.
Your spell library was empty.

Dungeon Overview and Level Annotations

Branches:
Dungeon (4/15)
 Temple: D:4-7

Altars:
Okawaru

Annotations:
D:4 Eustachio


Innate Abilities, Weirdness & Mutations

You are resistant to torment.
Your stone body is resilient. (AC +4)
You are immune to poison.
You resist negative energy. (rN+)
You are resistant to electric shocks. (rElec)
You can survive without breathing.
You are immune to petrification.
You are immune to rotting.


Message History

The ufetubus hits you but does no damage.
You sock Eustachio!
Eustachio is almost dead.
The ufetubus barely misses you. The ufetubus closely misses you.
The white imp hits you. The white imp freezes you.
Eustachio hits you but does no damage.
The ufetubus hits you but does no damage.
The ufetubus barely misses you. The white imp misses you.
The ufetubus barely misses you. The ufetubus closely misses you.
Eustachio mumbles some strange words.
Eustachio blinks!
The white imp gestures at you. The puff of frost hits you!
* * * LOW HITPOINT WARNING * * *
The shadow imp closely misses you. The ufetubus hits you.
* * * LOW HITPOINT WARNING * * *
The ufetubus barely misses you. The white imp barely misses you.
The shadow imp hits you but does no damage.
Eustachio mumbles some strange words.
Eustachio blinks!
The ufetubus hits you.
You die...

..............
##.............
#..............
###.
...............
#.#.
#...§..........
#...## .
#....r.....
#....###.## #.5@..#
.....##...# #5@#
#....## ...#5##
#....## #.#..#
#.....###....#
##..#...##.#..#
####...##...###..#
...#..###....##..##
##...## #.....#..[#
#...# #.....†...#
#..## ##...###.##
+..# #...# ###


You could see Eustachio, a river rat (summoned), a white imp (summoned), a
shadow imp (summoned) and an ufetubus (summoned).

Vanquished Creatures
  A howler monkey (D:4)
  A hound (D:4)
  An adder (D:3)
  2 worms
  4 orcs (D:3)
  A ball python (D:3)
  3 giant cockroaches
  7 goblins
  3 hobgoblins
  9 jackals
  4 kobolds
  2 quokkas
  A bat (D:3)
  2 frilled lizards (D:2)
  3 rats
44 creatures vanquished.

Notes
Turn   | Place    | Note
-------+----------+-------------------------------------------
     0 | D:1      | om the Gargoyle Berserker began the quest for the Orb.
     0 | D:1      | Reached XP level 1. HP: 14/14 MP: 1/1
   358 | D:1      | Reached XP level 2. HP: 19/19 MP: 2/2
  1007 | D:2      | Reached XP level 3. HP: 3/23 MP: 3/3
  2033 | D:3      | Reached XP level 4. HP: 27/28 MP: 4/4
  2258 | D:3      | Reached ** piety under Trog
  2744 | D:4      | Found an iron altar of Okawaru.
  2773 | D:4      | Reached XP level 5. HP: 33/33 MP: 5/5
  2832 | D:4      | Noticed Eustachio
  2855 | D:4      | Slain by an ufetubus

Illustrated notes

Levels and vault maps discovered:
D:1:      onia_arrival_mini_spirals, layout_rooms
D:2:      layout_basic, minmay_door_square, minmay_pentomino_r4
D:3:      layout_rooms
D:4:      layout_layer_cave, lemuel_round_altar, lemuel_doored_altar,
          minmay_manual_mandibuliform, uniq_eustachio

Skill      XL: |  1  2  3 |
---------------+----------+-----
Dodging        | 2 |  2.6
Armour         | 3 |  3.5
Fighting       | |  3.9
Maces & Flails | |  3.8

Action                   |  1- 3 |  4- 6 || total
-------------------------+-------+-------++-------
Melee: Mace              |    95 |    52 ||   147
Invok: Berserk           |     4 |     2 ||     6
  Use: Scroll            |       |     5 ||     5
Armor: Animal skin       |    33 |    27 ||    60
Dodge: Dodged            |    77 |    91 ||   168

Table legend: (Time is in decaauts)
 A = Elapsed time spent in this place.
 B = Non-inter-level travel time spent in this place.
 C = Inter-level travel time spent in this place.
 D = Time resting spent in this place.
 E = Time spent auto-exploring this place.
 F = Levels seen in this place.
 G = Mean time per level.
                   A        B        C        D        E       F      G
               +--------+--------+--------+--------+--------+-----+--------+
         Total |   2935 |   2875 |     60 |   1164 |   1349 |   4 |  733.8 |
       Dungeon |   2935 |   2875 |     60 |   1164 |   1349 |   4 |  733.8 |
               +--------+--------+--------+--------+--------+-----+--------+

Top non-repeatable levels by time:
     D:3: 1057 daAuts
     D:2: 913 daAuts
     D:1: 825 daAuts
     D:4: 138 daAuts
